 Dungeon Crawl Stone Soup version 0.28-a0-895-g6e5f11bd55 (webtiles) character file.

Game seed: 12628677589881370811

81 funkygono the Covered (level 4, -10/28 HPs)
             Began as a Gargoyle Fighter on Nov 22, 2021.
             Killed from afar by a kobold (31 damage)
             ... with a bolt of acid
             ... on level 3 of the Dungeon.
             The game lasted 00:03:13 (2011 turns).

funkygono the Covered (Gargoyle Fighter)            Turns: 2011, Time: 00:03:14

Health: -10/28     AC: 10    Str: 21    XL:     4   Next: 42%
Magic:  4/4        EV:  9    Int:  8    God:
Gold:   35         SH:  4    Dex:  9    Spells: 3/3 levels left

rFire   . . .      SeeInvis .   a - +0 flail
rCold   . . .      Faith    .   c - +0 buckler
rNeg    + . .      Spirit   .   b - +0 scale mail
rPois   ∞          Reflect  .   (no helmet)
rElec   +          Harm     .   (no cloak)
rCorr   .          Rampage  .   (no gloves)
Will    .....                   (no boots)
Stlth   ..........              (no amulet)
HPRegen 0.09/turn               (no ring)
MPRegen 0.09/turn               (no ring)

@: no status effects
A: sickness immunity, AC +3, negative energy resistance 1, electricity
resistance, torment resistance 1, petrification resistance
a: no special abilities


You were on level 3 of the Dungeon.
You visited 1 branch of the dungeon, and saw 3 of its levels.

You collected 35 gold pieces.

Inventory:

Hand Weapons
 a - a +0 flail (weapon)
Missiles
 e - 13 stones
 f - 22 poisoned darts (quivered)
Armour
 b - a +0 scale mail (worn)
 c - a +0 buckler (worn)
Wands
 h - a wand of iceblast (11)
Scrolls
 g - a scroll of identify {unknown}
Potions
 d - 3 potions of might
 j - a potion of curing {unknown}


   Skills:
 + Level 3.4 Fighting
 + Level 2.8 Maces & Flails
 + Level 1.5 Throwing
 + Level 3.9 Armour
 + Level 0.4 Dodging
 + Level 3.6 Shields


You had 3 spell levels left.
You didn't know any spells.
Your spell library contained the following spells:

 Spells                   Type           Power      Damage    Failure   Level
 Shock                    Conj/Air       0%         1d3       77%         1
 Swiftness                Air            0%         N/A       98%         3
 Airstrike                Air            0%         N/A       100%        4


Dungeon Overview and Level Annotations

Branches:
Dungeon (3/15)

Altars:


Innate Abilities, Weirdness & Mutations

You are immune to sickness and miasma.
Your stone body is resilient. (AC +3)
You are immune to poison.
You resist negative energy. (rN+)
You are resistant to electric shocks. (rElec)
You are resistant to unholy torment.
You are immune to petrification.


Message History

You kill the quokka!
You hit the endoplasm.
The endoplasm is lightly wounded.
The endoplasm hits you but does no damage.
You barely miss the endoplasm.
The endoplasm is lightly wounded.
The endoplasm freezes you.
You are frozen.
You hit the endoplasm.
The endoplasm is severely wounded.
The endoplasm freezes you.
You are frozen.
The endoplasm barely misses you.
You sock the endoplasm!
You kill the endoplasm!
You pick up a book of Air and begin reading...
You add the spells Shock, Swiftness and Airstrike to your library.
A kobold comes into view.
It is wielding a +0 dagger and carrying a wand of acid (10).
Throw: 26 darts (poison)
Press: ? - help, Q - select action, (/) - cycle Shift-Dir - straight line, f - kobold
Aim: a kobold, wielding a +0 dagger, wearing a +0 scale mail and carrying a wand of acid (10) (wandering, hasn't noticed you, 50% to hit)
You throw a poisoned dart. The poisoned dart hits the kobold.
The kobold shouts!
Throw: 25 darts (poison)
Press: ? - help, Q - select action, (/) - cycle Shift-Dir - straight line, f/p - kobold
Aim: a kobold, wielding a +0 dagger, wearing a +0 scale mail and carrying a wand of acid (10) (50% to hit)
You throw a poisoned dart. The poisoned dart hits the kobold.
Unknown command.
Throw: 24 darts (poison)
Press: ? - help, Q - select action, (/) - cycle Shift-Dir - straight line, f/p - kobold
Aim: a kobold, wielding a +0 dagger, wearing a +0 scale mail and carrying a wand of acid (10) (50% to hit)
You throw a poisoned dart. The poisoned dart hits the kobold.
The kobold is poisoned.
Throw: 23 darts (poison)
Press: ? - help, Q - select action, (/) - cycle Shift-Dir - straight line, f/p - kobold
Aim: a kobold, wielding a +0 dagger, wearing a +0 scale mail and carrying a wand of acid (10) (moderately wounded, poisoned, 50% to hit)
You throw a poisoned dart. The poisoned dart hits the kobold.
The kobold is moderately wounded.
The kobold zaps a wand.
The bolt of acid hits you!!
Ouch! That really hurt!
You die...

#
#.#>...........................
#.############## ##......#####.
#.##.....# #.####.# #...
#.##.....# #. #.###...
#.##.....# #. ##.......
#.##.....####### #. #....#†###
###.##...........# #.##.#.###
....######.#####.# #.#....)..
..### #.# #@# # ####.##. ..#
#.#..................##. ###
#.#.............#######. #
#.#..........!. #. #
#^#......K...## #.
##########.####...(...# #.
'..........# #....(..# #.
############ #####(..# #. # .


You could see a kobold (poisoned).

Vanquished Creatures
  3 adders
  A worm (D:2)
  3 ball pythons
  5 bats
  6 endoplasms
  2 giant cockroaches
  3 goblins
  6 hobgoblins (D:1)
  8 jackals (D:3)
  2 quokkas
  4 kobolds
43 creatures vanquished.

Notes
Turn   | Place    | Note
-------+----------+-------------------------------------------
     0 | D:1      | funkygono the Gargoyle Fighter began the quest for the Orb.
     0 | D:1      | Reached XP level 1. HP: 14/14 MP: 1/1
   256 | D:1      | Found a faded altar of an unknown god.
   361 | D:1      | Reached XP level 2. HP: 19/19 MP: 2/2
  1075 | D:1      | Reached XP level 3. HP: 22/23 MP: 3/3
  1370 | D:2      | Reached skill level 1 in Throwing
  1718 | D:3      | Reached XP level 4. HP: 28/28 MP: 4/4
  2011 | D:3      | Killed from afar by a kobold

Illustrated notes

Levels and vault maps discovered:
D:1:      saegor_arrival_under_anarchy, layout_loops_corners,
          chequers_ecumenical_altar_island
D:2:      layout_rooms, serial_curves, eino_curves_02, eino_curves_02
D:3:      layout_basic, nicolae_gozag_seed_capital

Skill      XL: |  1  2  3 |
---------------+----------+-----
Throwing       | 1 |  1.5
Fighting       | |  3.4
Maces & Flails | |  2.8
Armour         | |  3.9
Dodging        | |  0.4
Shields        | |  3.6

Action                   |  1- 3 |  4- 6 || total
-------------------------+-------+-------++-------
Melee: Flail             |    99 |    39 ||   138
Throw: Dart              |    39 |    16 ||    55
       Stone             |     1 |       ||     1
  Use: Scroll            |     5 |       ||     5
Armor: Scale mail        |    84 |    27 ||   111
Dodge: Dodged            |    61 |    19 ||    80
Block: Buckler           |    24 |    10 ||    34

Table legend: (Time is in decaauts)
 A = Elapsed time spent in this place.
 B = Non-inter-level travel time spent in this place.
 C = Inter-level travel time spent in this place.
 D = Time resting spent in this place.
 E = Time spent auto-exploring this place.
 F = Levels seen in this place.
 G = Mean time per level.
                   A        B        C        D        E       F      G
               +--------+--------+--------+--------+--------+-----+--------+
         Total |   2050 |   1979 |     71 |     26 |   1545 |   3 |  683.3 |
       Dungeon |   2050 |   1979 |     71 |     26 |   1545 |   3 |  683.3 |
               +--------+--------+--------+--------+--------+-----+--------+

Top non-repeatable levels by time:
     D:1: 1182 daAuts
     D:2: 509 daAuts
     D:3: 359 daAuts
